 Dungeon Crawl Stone Soup version 0.30.0-30-g96aa6591b8 (webtiles) character file.

Game seed: 661085210529512860

137 cheesebisquit the Magician (level 5, -4/40 HPs)
             Began as a Djinni Ice Elementalist on June 29, 2023.
             Killed from afar by Blork the orc (9 damage)
             ... with a magic dart
             ... on level 4 of the Dungeon.
             The game lasted 00:06:59 (2469 turns).

cheesebisquit the Magician (DjIE)                   Turns: 2469, Time: 00:06:59

Health: -4/40      AC:  2    Str:  7    XL:     5   Next: 44%
Gold:   111        EV: 12    Int: 18    God:
                   SH:  0    Dex: 14

rFire   + + .        (no weapon)
rCold   + . .        (no shield)
rNeg    . . .        a - +0 robe
rPois   ∞            (no helmet)
rElec   +            (no cloak)
rCorr   +            (no gloves)
SInv    +            (boots unavailable)
Will    .....        (no amulet)
Stlth   ++           m - ring of see invisible
HPRegen 0.26/turn    k - ring of ice
MPRegen 0.00/turn

%: infuse magic (-5 HP)
@: resistant, weak-willed, flying
A: sickness immunity, fire resistance 2, cold vulnerability 1, float, innate
caster, HP casting, extra vitality 1
a: no special abilities


You were on level 4 of the Dungeon.
You visited 1 branch of the dungeon, and saw 4 of its levels.

You collected 111 gold pieces.

Inventory:

Missiles
 j - a throwing net
Armour
 a - a +0 robe (worn)
Jewellery
 k - a ring of ice (right hand)
 m - a ring of see invisible (left hand)
Scrolls
 b - 2 scrolls of noise
 c - 2 scrolls of acquirement
 d - a scroll of identify
 h - 2 scrolls of magic mapping


   Skills:
 + Level 3.2 Fighting
 - Level 2.1 Dodging
 - Level 1.5 Stealth
 + Level 4.2 Spellcasting


You knew the following spells:

 Your Spells              Type           Power      Damage    Failure   Level
a - Freeze                Ice            100%       1d10      2%          1
b - Frozen Ramparts       Ice            56%        1d9       8%          3
c - Ozocubu's Armour      Ice            28%        N/A       8%          3
d - Summon Ice Beast      Ice/Summ       28%        N/A       26%         4
e - Sandblast             Erth           38%        2d10      2%          1
f - Searing Ray           Conj           38%        2d5       3%          2
Your spell library was empty.

Dungeon Overview and Level Annotations

Branches:
Dungeon (4/15)
 Temple: D:4-7

Altars:

Annotations:
D:4 Blork the orc


Innate Abilities, Weirdness & Mutations

You are immune to sickness and miasma.
You are immune to poison.
Your flesh is very heat resistant. (rF++)
You are vulnerable to cold. (rC-)
You float through the air rather than walking.
You learn spells naturally, not from books.
Your magical power is your life essence.
You have superior vitality. (+4 MHP)


Message History

Blork the orc hits you with a +0 flail.
As you read the scroll labelled PEURUCKAOT, it crumbles to dust.
Magic quickly surges around you.
It was a scroll of vulnerability.
The adder closely misses you. Blork the orc casts a spell at you.
The puff of frost misses you.
The puff of frost hits the adder!
Flame seeps out of the adder.
You hear a sizzling sound!
As you read the scroll labelled TACZES UWEROPT, it crumbles to dust.
The scroll dissolves into smoke.
It was a scroll of fog.
The adder bites you but does no damage. The adder closely misses you.
Blork the orc gestures wildly while chanting.
Blork the orc seems to speed up.
You feel better. Blork the orc hits you with a +0 flail!
The adder closely misses you.
You feel better.
Blork the orc casts a cantrip, but nothing happens.
The adder closely misses you. Blork the orc closely misses you.
It was a potion of resistance.
You feel protected. The adder bites you.
Blork the orc hits you but does no damage.
The adder bites you but does no damage. Blork the orc hits you with a +0 flail.
The adder barely misses you. Blork the orc hits you with a +0 flail!
You fly downwards.
A scorpion comes into view.
There is a stone staircase leading up here.
Okay, then.
Okay, then.
Blork the orc attacks as you move away! Blork the orc barely misses you.
The adder attacks as you move away! The adder barely misses you.
Blork the orc closely misses you. The adder bites you. The adder bites you.
* * * LOW HITPOINT WARNING * * *
The scorpion stings you.
* * * LOW HITPOINT WARNING * * *
Blork the orc casts a spell at you. The magic dart hits you!
You die...

...........
..##.........
#..#........#
##.#........##
#............##
#..........#...
#..............
#.....s@.......
#.....o....#...
#.....S....#
#..<.......#
#...?...)..#
#..........#
############


You could see Blork the orc (fast, inner flame, weak-willed), a scorpion and an
adder (inner flame, weak-willed).

Vanquished Creatures
  A howler monkey (D:3)
  3 adders
  2 worms
  2 dart slugs (D:1)
  2 orcs
  4 ball pythons
  7 endoplasms
  3 giant cockroaches
  8 goblins
  7 hobgoblins
  A quokka (D:2)
  10 bats
  6 frilled lizards
  A kobold (D:1)
  4 rats
61 creatures vanquished.

Notes
Turn   | Place    | Note
-------+----------+-------------------------------------------
     0 | D:1      | cheesebisquit the Djinni Ice Elementalist began the quest
                  | for the Orb.
     0 | D:1      | cheesebisquit set off with the following spells memorised:
                  | Freeze, Frozen Ramparts, Ozocubu's Armour, Summon Ice
                  | Beast.
     0 | D:1      | Reached XP level 1. HP: 15/15 MP: 0/0
   191 | D:1      | Reached XP level 2. HP: 21/22 MP: 0/0
   201 | D:1      | Reached skill level 1 in Fighting
   494 | D:1      | Reached XP level 3. HP: 20/27 MP: 0/0
   494 | D:1      | Learned a level 1 spell: Sandblast
  1041 | D:2      | Reached XP level 4. HP: 29/33 MP: 0/0
  2001 | D:3      | Reached skill level 4 in Spellcasting
  2435 | D:4      | Reached XP level 5. HP: 38/40 MP: 0/0
  2435 | D:4      | Learned a level 2 spell: Searing Ray
  2435 | D:4      | Noticed Blork the orc
  2456 | D:3      | Identified 2 scrolls of acquirement
  2469 | D:4      | Killed from afar by Blork the orc

Illustrated notes

Levels and vault maps discovered:
D:1:      dpeg_arrival_solitude, layout_basic
D:2:      layout_basic, due_unseen_surprise
D:3:      layout_loops_corners
D:4:      layout_rooms, grunt_temple_overflow_diamond,
          minmay_temple_entry_large_hall, minmay_misc_feat_roman,
          lemuel_flame_loot_1, uniq_blork_the_orc

Skill      XL: |  1  2  3  4  5 |
---------------+----------------+-----
Fighting       | 1 2 3 |  3.2
Spellcasting   | 4 |  4.2
Dodging        | |  2.1
Stealth        | |  1.5

Action                     |  1- 3 |  4- 6 || total
---------------------------+-------+-------++-------
   Cast: Freeze            |    29 |       ||    29
         Sandblast         |    27 |    39 ||    66
         Ozocubu's Armour  |     1 |       ||     1
    Use: Scroll            |       |     7 ||     7
         Potion            |       |     3 ||     3
 Armour: Robe              |     7 |     7 ||    14
  Dodge: Dodged            |    28 |    35 ||    63
